 Dungeon Crawl Stone Soup version 0.24.0-41-g2ae2f7f1be (webtiles) character file.

Game seed: 17719016943081565390, levelgen mode: deterministic

2224 wilfster70 the Sneak (level 9, -2/65 HPs)
             Began as a Gnoll Enchanter on Dec 12, 2019.
             Was a Follower of Okawaru.
             Slain by a cyclops (26 damage)
             ... on level 7 of the Dungeon.
             The game lasted 00:22:19 (7037 turns).

wilfster70 the Sneak (Gnoll Enchanter)              Turns: 7037, Time: 00:22:20

Health: -2/65      AC:  5    Str: 11    XL:     9   Next: 35%
Magic:  3/18       EV: 16    Int: 20    God:    Okawaru [*.....]
Gold:   458        SH:  0    Dex: 16    Spells: 16/21 levels left

rFire    . . .     SeeInvis +   a - +1 dagger
rCold    . . .     Gourm    .   (no shield)
rNeg     . . .     Faith    .   D - +1 leather armour of the Princess {rElec SInv} (curse)
rPois    .         Spirit   .   (no helmet)
rElec    +         Reflect  .   w - +0 cloak
rCorr    .         Harm     .   (no gloves)
MR       .....                  (no boots)
Stlth    +++.......             t - amulet of the acrobat
HPRegen  0.20/turn              q - +1 ring of evasion
MPRegen  0.16/turn              (no ring)

@: very slightly contaminated
A: distributed training, fangs 1, strong nose
a: Heroism, Renounce Religion


You were on level 7 of the Dungeon.
You worshipped Okawaru.
Okawaru was aware of your devotion.
You were not hungry.

You visited 1 branch of the dungeon, and saw 7 of its levels.

You collected 458 gold pieces.

Inventory:

Hand Weapons
 a - a +1 dagger (weapon)
 b - a +3 fustibalus
Missiles
 e - 23 sling bullets
Armour
 n - a +2 leather armour of fire resistance
 w - a +0 cloak (worn)
 D - the cursed +1 leather armour of the Princess (worn) {rElec SInv}
   (You found it on level 7 of the Dungeon)

   It insulates you from electricity.
   It lets you see invisible.
   It has a curse placed upon it.
Magical Staves
 v - an uncursed staff of power
Jewellery
 q - a +1 ring of evasion (left hand)
 t - an amulet of the acrobat (around neck)
Wands
 u - a wand of digging (5)
 C - a wand of flame (12)
 H - a wand of polymorph (10)
Scrolls
 g - a scroll of fear
 i - a scroll of identify
 j - 3 scrolls of remove curse {unknown}
 k - 5 scrolls of amnesia
 l - a scroll of fog {unknown}
 o - a scroll of immolation {unknown}
 p - a scroll of teleportation {unknown}
 y - a scroll of magic mapping {unknown}
 E - a scroll of vulnerability {unknown}
 F - a scroll of enchant weapon
Potions
 c - 2 potions of lignification {unknown}
 f - 2 potions of flight {unknown}
 h - a potion of ambrosia {unknown}
 m - 2 potions of berserk rage {unknown}
 r - 3 potions of heal wounds {unknown}
 s - 2 potions of cancellation {unknown}
 x - 4 potions of curing {unknown}
 z - 2 potions of mutation {unknown}
 A - 2 potions of haste {unknown}
 B - a potion of invisibility {unknown}
Comestibles
 d - 14 rations
 G - a chunk of flesh


   Skills:
 + Level 4.1 Fighting
 + Level 4.9 Short Blades
 + Level 4.1 Long Blades
 + Level 4.1 Axes
 + Level 4.1 Maces & Flails
 + Level 4.1 Polearms
 + Level 4.1 Staves
 + Level 4.1 Slings
 + Level 4.1 Bows
 + Level 4.1 Crossbows
 + Level 4.1 Throwing
 + Level 4.1 Armour
 + Level 6.2 Dodging
 + Level 7.3 Stealth
 + Level 4.1 Shields
 + Level 4.1 Unarmed Combat
 + Level 6.5 Spellcasting
 + Level 3.3 Conjurations
 + Level 6.5 Hexes
 + Level 3.3 Charms
 + Level 3.3 Summonings
 + Level 3.3 Necromancy
 + Level 3.3 Translocations
 + Level 3.3 Transmutations
 + Level 3.3 Fire Magic
 + Level 3.3 Ice Magic
 + Level 3.3 Air Magic
 + Level 3.3 Earth Magic
 + Level 3.3 Poison Magic
 + Level 4.5 Invocations
 + Level 4.1 Evocations


You had 16 spell levels left.
You knew the following spells:

 Your Spells              Type           Power        Failure   Level  Hunger
b - Ensorcelled Hibernat  Hex/Ice        ####..       2%          2    None
c - Confuse               Hex            ####....     2%          3    #......

Your spell library contained the following spells:

 Spells                   Type           Power        Failure   Level  Hunger
 Corona                   Hex            ####...      1%          1    None
 Tukima's Dance           Hex            ####....     2%          3    #......
 Dazzling Spray           Conj/Hex       ####..       4%          3    #......


Dungeon Overview and Level Annotations

Branches:
Dungeon (7/15)
 Temple: D:4-7

Altars:
Cheibriados
Kikubaaqudgha
Makhleb
Okawaru
Yredelemnul
The Shining One

Annotations:
D:5 2 runed translucent doors, TheNamelessOne's ghost, novice VSFi


Innate Abilities, Weirdness & Mutations

Your experience applies equally to all skills.
You have very sharp teeth.
Your uncanny sense of smell can sniff out nearby items.


Message History

Aim: a cyclops (chance to defeat MR: 37%)
The cyclops looks drowsy...
The helpless cyclops fails to defend itself.
You skewer the cyclops like a kebab!!!
The cyclops is almost dead.
Casting: Ensorcelled Hibernation (safe; 2% risk of failure)
Confirm with . or Enter, or press ? or * to list all spells.
Aiming: Confuse (safe; 2% risk of failure)
Press: ? - help, Shift-Dir - straight line, f/p - cyclops
Aim: a cyclops (almost dead, chance to defeat MR: 43%)
You miscast Confuse.
You are very lightly contaminated with residual magic.
You feel a bit tired. The cyclops completely misses you.
Casting: Confuse (safe; 2% risk of failure)
Confirm with . or Enter, or press ? or * to list all spells.
Aiming: Confuse (safe; 2% risk of failure)
Press: ? - help, Shift-Dir - straight line, f/p - cyclops
Aim: a cyclops (almost dead, chance to defeat MR: 43%)
The cyclops resists with some effort.
The cyclops hits you!!
You die...

#....# #.#
#....# #.#.#∆
######
####.#.#
#....#.#
#.####.# #.#
#.# #.# #.#
#.# #C# #.#
#@# #.# #.#
#.# #.#
######.# #.#
#......# #.#
#.###### #.#
#### #.# #(#
...# #.# #.#
...###.#######
#.#


You could see a cyclops.

Vanquished Creatures
  Sigmund (D:4)
  A water moccasin (D:7)
  Duvessa (D:4)
  An ice beast (D:6)
  A sky beast (D:7)
  An ogre (D:6)
  A centaur (D:6)
  Dowan (D:4)
  A scorpion (D:4)
  3 killer bees (D:7)
  2 wights (D:7)
  A centaur zombie (D:5)
  A howler monkey (D:6)
  3 hounds
  2 jellies
  A bullfrog skeleton (D:6)
  A centaur skeleton (D:4)
  4 orc priests
  Crazy Yiuf (D:6)
  An iguana (D:7)
  Jessica (D:2)
  Ijyb (D:3)
  Natasha (thrice) (D:4)
  6 orc wizards
  5 worker ants
  2 killer bee zombies (D:7)
  A worker ant zombie (D:7)
  4 gnolls (D:6)
  13 adders
  A shadow imp (D:6)
  3 adder skeletons
  2 dart slugs
  2 leopard geckos
  20 orcs
  9 giant cockroaches
  16 goblins
  5 hobgoblins
  13 jackals
  4 quokkas
  10 bats
  7 frilled lizards
  A giant cockroach zombie (D:5)
  4 kobolds
  16 rats
178 creatures vanquished.

Vanquished Creatures (others)
  4 toadstools (D:6)
4 creatures vanquished.

Grand Total: 182 creatures vanquished

Notes
Turn   | Place    | Note
-------+----------+-------------------------------------------
     0 | D:1      | wilfster70 the Gnoll Enchanter began the quest for the Orb.
     0 | D:1      | Reached XP level 1. HP: 13/13 MP: 6/6
   179 | D:1      | Reached XP level 2. HP: 19/19 MP: 7/7
   184 | D:1      | Learned a level 2 spell: Ensorcelled Hibernation
   678 | D:1      | Reached XP level 3. HP: 25/25 MP: 6/9
   710 | D:1      | Reached skill level 5 in Spellcasting
   813 | D:1      | Reached skill level 6 in Stealth
  1169 | D:2      | Reached skill level 1 in Invocations
  1299 | D:2      | Reached skill level 1 in Fighting
  1299 | D:2      | Reached skill level 1 in Long Blades
  1299 | D:2      | Reached skill level 1 in Axes
  1299 | D:2      | Reached skill level 1 in Maces & Flails
  1299 | D:2      | Reached skill level 1 in Polearms
  1299 | D:2      | Reached skill level 1 in Staves
  1299 | D:2      | Reached skill level 1 in Slings
  1299 | D:2      | Reached skill level 1 in Bows
  1299 | D:2      | Reached skill level 1 in Crossbows
  1299 | D:2      | Reached skill level 1 in Throwing
  1299 | D:2      | Reached skill level 1 in Armour
  1299 | D:2      | Reached skill level 1 in Shields
  1299 | D:2      | Reached skill level 1 in Unarmed Combat
  1299 | D:2      | Reached skill level 1 in Evocations
  1395 | D:2      | Noticed Jessica
  1400 | D:2      | Killed Jessica
  1400 | D:2      | Reached XP level 4. HP: 32/32 MP: 11/11
  1452 | D:2      | Reached skill level 1 in Conjurations
  1452 | D:2      | Reached skill level 1 in Charms
  1452 | D:2      | Reached skill level 1 in Summonings
  1452 | D:2      | Reached skill level 1 in Necromancy
  1452 | D:2      | Reached skill level 1 in Translocations
  1452 | D:2      | Reached skill level 1 in Transmutations
  1452 | D:2      | Reached skill level 1 in Fire Magic
  1452 | D:2      | Reached skill level 1 in Ice Magic
  1452 | D:2      | Reached skill level 1 in Air Magic
  1452 | D:2      | Reached skill level 1 in Earth Magic
  1452 | D:2      | Reached skill level 1 in Poison Magic
  2090 | D:2      | Reached XP level 5. HP: 37/37 MP: 12/12
  2257 | D:3      | Noticed Ijyb
  2267 | D:3      | Killed Ijyb
  2533 | D:3      | Found a burning altar of Makhleb.
  2854 | D:3      | Reached XP level 6. HP: 44/44 MP: 4/13
  2863 | D:3      | Learned a level 3 spell: Confuse
  3413 | D:4      | Reached skill level 5 in Dodging
  3416 | D:4      | Noticed Sigmund
  3620 | D:4      | Killed Sigmund
  3620 | D:4      | Reached XP level 7. HP: 50/50 MP: 8/15
  3702 | D:4      | Noticed Natasha
  3710 | D:4      | Killed Natasha
  3720 | D:4      | Noticed Natasha
  3726 | D:4      | Killed Natasha
  3747 | D:4      | Noticed Natasha
  3756 | D:4      | Killed Natasha
  3768 | D:4      | Noticed Dowan
  3771 | D:4      | Noticed Duvessa
  3796 | D:4      | Killed Duvessa
  3959 | D:4      | Killed Dowan
  3959 | D:4      | Reached XP level 8. HP: 57/57 MP: 10/16
  4386 | D:5      | Entered Level 5 of the Dungeon
  4826 | D:5      | Found a large runed translucent door.
  4826 | D:5      | Found a large runed translucent door.
  4828 | D:5      | Noticed TheNamelessOne's ghost (novice VSFi)
  4937 | D:5      | Found an iron altar of Okawaru.
  4946 | D:5      | Became a worshipper of Warmaster Okawaru
  5444 | D:6      | Found a snail-covered altar of Cheibriados.
  5786 | D:6      | Reached skill level 7 in Stealth
  5866 | D:6      | Reached * piety under Okawaru
  6028 | D:6      | Reached XP level 9. HP: 65/65 MP: 18/18
  6136 | D:6      | Found a runed translucent door.
  6137 | D:6      | Noticed Crazy Yiuf
  6144 | D:6      | Killed Crazy Yiuf
  6277 | D:7      | Got an ancient leather armour
  6278 | D:7      | Identified the cursed +1 leather armour of the Princess
                  | {rElec SInv} (You found it on level 7 of the Dungeon)
  6527 | D:7      | Found a glowing golden altar of the Shining One.
  6527 | D:7      | Found a basalt altar of Yredelemnul.
  6528 | D:7      | Found an ancient bone altar of Kikubaaqudgha.
  7021 | D:7      | Noticed a cyclops
  7037 | D:7      | Slain by a cyclops

Levels and vault maps discovered:
D:1:      dpeg_arrival_three_smaller_balls, layout_basic
D:2:      layout_basic, uniq_jessica
D:3:      layout_basic, lemuel_doored_altar, kennysheep_generic_room_5,
          uniq_ijyb
D:4:      layout_rooms, gup_sewer_entry_spiral, uniq_natasha, uniq_duvessa,
          uniq_sigmund
D:5:      layout_loops_ring, ebering_ghost_disaster_area, first_ration,
          kennysheep_okawaru_gauntlet
D:6:      layout_rooms, overflow_temple_1_default, minmay_misc_feat_roman,
          minmay_gold_behind_fungi, uniq_crazy_yiuf_cottage
D:7:      layout_basic, chequers_temple_overflow_statue_of_worship,
          minmay_temple_entry_grid, grunt_ogre_cave, minmay_misc_feat_five,
          corexii_corridor_pit, st_stairs_6, kennysheep_flooded_box

Skill      XL: |  1  2  3  4  5  6  7  8  9 |
---------------+----------------------------+-----
Spellcasting   | 5 6 |  6.5
Stealth        | 6 7 |  7.3
Invocations    | 1 2 3 4 |  4.5
Fighting       | 1 2 3 4 |  4.1
Long Blades    | 1 2 3 4 |  4.1
Axes           | 1 2 3 4 |  4.1
Maces & Flails | 1 2 3 4 |  4.1
Polearms       | 1 2 3 4 |  4.1
Staves         | 1 2 3 4 |  4.1
Slings         | 1 2 3 4 |  4.1
Bows           | 1 2 3 4 |  4.1
Crossbows      | 1 2 3 4 |  4.1
Throwing       | 1 2 3 4 |  4.1
Armour         | 1 2 3 4 |  4.1
Shields        | 1 2 3 4 |  4.1
Unarmed Combat | 1 2 3 4 |  4.1
Evocations     | 1 2 3 4 |  4.1
Conjurations   | 1 2 3 |  3.3
Charms         | 1 2 3 |  3.3
Summonings     | 1 2 3 |  3.3
Necromancy     | 1 2 3 |  3.3
Translocations | 1 2 3 |  3.3
Transmutations | 1 2 3 |  3.3
Fire Magic     | 1 2 3 |  3.3
Ice Magic      | 1 2 3 |  3.3
Air Magic      | 1 2 3 |  3.3
Earth Magic    | 1 2 3 |  3.3
Poison Magic   | 1 2 3 |  3.3
Short Blades   | 3 4 |  4.9
Dodging        | 5 6 |  6.2
Hexes          | 6 |  6.5

Action                   |  1- 3 |  4- 6 |  7- 9 || total
-------------------------+-------+-------+-------++-------
Melee: Dagger            |    88 |    81 |   217 ||   386
       Bite              |     3 |     5 |    17 ||    25
       Punch             |       |       |     3 ||     3
 Fire: Fustibalus        |       |       |     5 ||     5
 Cast: Ensorcelled Hiber |    15 |    53 |    86 ||   154
       Confuse           |       |       |     4 ||     4
  Use: Scroll            |       |     2 |     5 ||     7
 Stab: Sleeping          |    21 |    47 |    63 ||   131
       Confused          |       |       |     2 ||     2
  Eat: Chunk             |     2 |     6 |    12 ||    20
Armor: Robe              |    22 |    11 |       ||    33
       Leather armour    |       |       |    57 ||    57
Dodge: Dodged            |    80 |    59 |   177 ||   316
